Sound Tigers vs Crunch

Created - April 19, 2022 at 19:51

Goals
1 2 3 T
Sound Tigers 2 2 2 6
Crunch 1 1 1 3
Shots
1 2 3 T
Sound Tigers 5 13 7 25
Crunch 14 17 12 43

1st period

1. Sound Tigers , Alex Tuch 17 (Ryan Hartman 36) at 8:35 (PP)
2. Crunch , Jayson Megna 9 (Dalton Smith 9, Brendan Guhle 16) at 10:02
3. Sound Tigers , Ryan Hartman 28 (Borna Rendulic 35) at 14:59

Penalties :
Alexander Yelesin (BRI) for Hooking (Minor) at 4:40, Dalton Smith (Syr) for Hooking (Minor) at 8:27, James Sheppard (BRI) for Cross-checking (Minor) at 15:44

2nd period

4. Crunch , Dalton Smith 9 (Dylan Strome 15) at 0:25
5. Sound Tigers , Joe Labate 10 (Dylan McIlrath 27, Connor Murphy 45) at 19:01
6. Sound Tigers , Connor Murphy 11 (Ryan Hartman 37) at 19:23

Penalties :
Connor Murphy (BRI) for Holding (Minor) at 2:06, Ryan Bourque (BRI) for Tripping (Minor) at 4:58, Borna Rendulic (BRI) for High sticking (Double Minor) at 8:58, James Sheppard (BRI) for Hooking (Minor) at 14:47

3rd period

7. Crunch , Michael Ferland 9 (Matt Roy 10, Dylan Strome 16) at 3:36
8. Sound Tigers , James Livingstone 12 (Garret Ross 18, Connor Murphy 46) at 4:05
9. Sound Tigers , Ryan Hartman 29 (Dylan McIlrath 28, Borna Rendulic 36) at 8:19

Penalties :
Julian Melchiori (BRI) for High sticking (Minor) at 15:47

Goalie Stats

Pavel Francouz (BRI), 40 saves from 43 shots - (0.930), W, 28-20-2, 60:00 minutes
Kaapo Kahkonen (Syr), 5 saves from 7 shots - (0.714), 20:37 minutes
Josef Korenar (Syr), 14 saves from 18 shots - (0.778), L, 7-9-2, 39:23 minutes

Players Stats for Sound Tigers

Player Name              G  A  P  +/- PIM S  H  SB GA TA FO     MP     PP MP  PK MP  
------------------------------------------------------------------------------------
Alex Tuch                1  0  1   1  0   3  0  2  1  1  1/1    23:15   0:08   7:31 
Alexander Yelesin        0  0  0   1  2   0  2  0  0  1  0/0    16:00   0:00   3:04 
Ben Thomson              0  0  0   0  0   1  2  0  1  0  1/2    10:58   0:00   4:39 
Borna Rendulic           0  2  2   1  4   1  0  0  0  1  1/2    14:43   0:08   0:00 
Christian Fischer        0  0  0   1  0   0  0  0  0  1  0/0    11:33   0:00   0:00 
Connor Murphy            1  2  3   2  2   2  2  2  0  1  0/0    24:16   0:08   7:39 
Dylan McIlrath           0  2  2   2  0   1  0  0  0  3  0/0    25:20   0:08   8:56 
Gabriel Carlsson         0  0  0   1  0   0  1  0  0  2  0/0    12:35   0:00   0:00 
Garret Ross              0  1  1   0  0   4  4  0  0  1  0/0    16:16   0:00   5:59 
James Livingstone        1  0  1   0  0   1  0  1  0  1  0/0    10:30   0:00   0:00 
James Sheppard           0  0  0   1  4   2  4  1  1  0  0/0    15:30   0:00   3:40 
Joe Labate               1  0  1   1  0   2  0  1  0  0  6/13   14:45   0:00   2:11 
Julian Melchiori         0  0  0  -1  2   0  1  1  0  0  0/0    21:11   0:00   5:58 
Pavel Kraskovsky         0  0  0   0  0   2  2  0  0  0  2/4     6:05   0:00   0:10 
Rhett Gardner            0  0  0   0  0   0  0  0  0  0  0/0     0:14   0:00   0:00 
Ross Colton              0  0  0   0  0   0  0  0  0  0  0/0     0:00   0:00   0:00 
Ryan Bourque             0  0  0   0  2   2  0  0  0  0  2/5    10:53   0:00   0:00 
Ryan Hartman             2  2  4   1  0   4  1  3  0  0  16/31  22:36   0:08   7:28 
Scott Glennie            0  0  0   0  0   0  0  0  0  0  0/0     5:55   0:00   0:00 
Slater Koekkoek          0  0  0  -1  0   0  0  0  0  0  0/0    21:25   0:00   6:17 

Players Stats for Crunch

Player Name              G  A  P  +/- PIM S  H  SB GA TA FO     MP     PP MP  PK MP  
------------------------------------------------------------------------------------
Anatoli Golyshev         0  0  0   0  0   4  1  0  3  0  2/3    10:12   0:00   0:00 
Anthony Cirelli          0  0  0   0  0   2  1  0  0  0  0/0    13:22   0:47   0:00 
Brendan Guhle            0  1  1   1  0   0  1  1  0  1  0/0    21:06   6:09   0:00 
Brock Boeser             0  0  0  -3  0   1  1  1  1  0  2/2    21:46   8:53   0:08 
Christoffer Ehn          0  0  0  -3  0   4  3  0  0  0  14/28  18:23   6:08   0:08 
Connor Bunnaman          0  0  0   0  0   0  0  0  0  0  0/4    10:12   0:00   0:00 
Dalton Smith             1  1  2   1  2   2  0  0  0  0  0/0     9:48   0:56   0:00 
Dylan Strome             0  2  2   0  0   7  2  1  1  0  5/8    13:06   0:31   0:00 
Jacob Larsson            0  0  0   1  0   0  0  1  0  0  0/0    12:15   0:31   0:00 
Jared Staal              0  0  0   1  0   1  3  0  1  1  0/0    12:13   1:37   0:00 
Jayson Megna             1  0  1   1  0   4  3  0  1  0  5/12   17:51   8:49   0:00 
Jeremy Lauzon            0  0  0   1  0   0  0  1  0  0  0/0    21:06   6:09   0:00 
Jordan Oesterle          0  0  0  -4  0   4  1  1  0  1  0/0    26:39   9:13   0:08 
Matt Roy                 0  1  1   1  0   0  1  0  0  0  0/0    12:15   0:31   0:00 
Michael Ferland          1  0  1   0  0   5  0  0  2  0  1/1    17:34   5:56   0:00 
Mitch Callahan           0  0  0   0  0   2  3  0  1  0  0/0    13:53   5:13   0:00 
Noah Hanifin             0  0  0  -4  0   3  2  2  1  0  0/0    26:39   9:13   0:08 
Teemu Hartikainen        0  0  0  -3  0   4  1  1  1  0  0/0    21:31   8:49   0:00 
Wiley Sherman            0  0  0   0  0   0  0  0  0  0  0/0     0:00   0:00   0:00 

3 Stars

1 - Ryan Hartman (BRI)
2 - Connor Murphy (BRI)
3 - Dylan McIlrath (BRI)

Power Play

Sound Tigers - 1 on 1 Attempt(s) - 100.00%
Crunch - 0 on 8 Attempt(s) - 0.00%

Penalty Kill

Sound Tigers - 8 on 8 Attempt(s) - 100.00% - Score 0 goal in Penalty Kill
Crunch - 0 on 1 Attempt(s) - 0.00% - Score 0 goal in Penalty Kill

Team Stat

Sound Tigers - Hits : 19 - Faceoff Wins : 29 - Blocked Shots : 11 - Penalty Minutes : 16
Crunch - Hits : 23 - Faceoff Wins : 29 - Blocked Shots : 9 - Penalty Minutes : 2

Official

Referees : Kelly Sutherland and Garrett Rank
Linesman : Derek Nansen and Matt MacPherson

Game Notes

Kaapo Kahkonen enters game at 19:23 of 2nd period

Finance

Level 1 -- Attendance: 1777 (88.85%) -- Ticket Income $62,195
Level 2 -- Attendance: 949 (94.90%) -- Ticket Income $14,235
Total Attendance: 2726 (90.87%)
Total Ticket Income: $76,430
Other Income: $3,822
Total Income: $80,252

Sound Tigers

5 vs 5 Forward 
   Center                   Left Wing                Right Wing               Time % Phy DF OF 
 1 Ryan Hartman             Alex Tuch                Borna Rendulic           40     1   2  2  
 2 Joe Labate               James Sheppard           Christian Fischer        30     1   2  2  
 3 Ryan Bourque             Garret Ross              James Livingstone        20     1   2  2  
 4 Pavel Kraskovsky         Ben Thomson              Scott Glennie            10     1   2  2  

5 vs 5 Defense 
   Defense                  Defense                                           Time % Phy DF OF 
 1 Connor Murphy            Dylan McIlrath                                    40     1   2  2  
 2 Julian Melchiori         Slater Koekkoek                                   30     1   2  2  
 3 Gabriel Carlsson         Alexander Yelesin                                 20     1   2  2  
 4 Connor Murphy            Dylan McIlrath                                    10     1   2  2  

PowerPlay Forward 
   Center                   Left Wing                Right Wing               Time % Phy DF OF 
 1 Ryan Hartman             Alex Tuch                Borna Rendulic           60     1   2  2  
 2 Joe Labate               James Sheppard           Christian Fischer        40     1   2  2  

PowerPlay Defense
   Defense                  Defense                                           Time % Phy DF OF 
 1 Connor Murphy            Dylan McIlrath                                    60     1   2  2  
 2 Julian Melchiori         Slater Koekkoek                                   40     1   2  2  

Penalty Kill 4 Players Forward 
   Center                   Wing                     Time % Phy DF OF 
 1 Ryan Hartman             Alex Tuch                60     1   2  2  
 2 James Sheppard           Garret Ross              40     1   2  2  

Penalty Kill 4 Players Defense
   Defense                  Defense                  Time % Phy DF OF 
 1 Connor Murphy            Dylan McIlrath           60     1   2  2  
 2 Julian Melchiori         Slater Koekkoek          40     1   2  2  

Penalty Kill - 3 Players Forward 
   Forward                                           Time % Phy DF OF 
 1 Ryan Hartman                                      60     1   2  2  
 2 Alex Tuch                                         40     1   2  2  

Penalty Kill - 3 Players Defense
   Defense                  Defense                  Time % Phy DF OF 
 1 Connor Murphy            Dylan McIlrath           60     1   2  2  
 2 Julian Melchiori         Slater Koekkoek          40     1   2  2  

4 vs 4 Forward 
   Center                   Wing                     Time % Phy DF OF 
 1 Ryan Hartman             Alex Tuch                60     1   2  2  
 2 James Sheppard           Garret Ross              40     1   2  2  

4 vs 4 Defense
   Defense                  Defense                  Time % Phy DF OF 
 1 Connor Murphy            Dylan McIlrath           60     1   2  2  
 2 Julian Melchiori         Slater Koekkoek          40     1   2  2  

Last Minutes Offensive
   Center                   Left Wing                Right Wing               Defense                  Defense                  
   Ryan Hartman             Alex Tuch                Borna Rendulic           Connor Murphy            Dylan McIlrath           

Last Minutes Defensive
   Center                   Left Wing                Right Wing               Defense                  Defense                  
   Ryan Hartman             Alex Tuch                Borna Rendulic           Connor Murphy            Dylan McIlrath           

Goaltenders
Starting : Pavel Francouz           
Backup : Sean Maguire             

Extra Forwards
Normal : Rhett Gardner, James Livingstone, Ben Thomson - PP : Rhett Gardner, James Livingstone - PK : Ben Thomson
Extra Defensemen
Normal : Gabriel Carlsson, Alexander Yelesin, Julian Melchiori - PP : Gabriel Carlsson - PK : Alexander Yelesin, Julian Melchiori
Penalty Shots
Ryan Hartman, Alex Tuch, James Sheppard, Garret Ross, Borna Rendulic

Scratches
Ben Johnson (Healthy), Blake Speers (Healthy), Brad Ross (Healthy), David Broll (Healthy), Josh Archibald (Healthy)
Tyrell Goulbourne (Healthy), Garret Pilon (Healthy), Brandon Gignac (Healthy), Casey Staum (Healthy), Chris Driedger (Healthy)

Crunch

5 vs 5 Forward 
   Center                   Left Wing                Right Wing               Time % Phy DF OF 
 1 Christoffer Ehn          Teemu Hartikainen        Brock Boeser             40     1   2  2  
 2 Dylan Strome             Michael Ferland          Anthony Cirelli          30     1   2  2  
 3 Jayson Megna             Dalton Smith             Jared Staal              20     1   2  2  
 4 Connor Bunnaman          Anatoli Golyshev         Mitch Callahan           10     1   2  2  

5 vs 5 Defense 
   Defense                  Defense                                           Time % Phy DF OF 
 1 Jordan Oesterle          Noah Hanifin                                      40     1   2  2  
 2 Brendan Guhle            Jeremy Lauzon                                     30     1   2  2  
 3 Matt Roy                 Jacob Larsson                                     20     1   2  2  
 4 Jordan Oesterle          Noah Hanifin                                      10     1   2  2  

PowerPlay Forward 
   Center                   Left Wing                Right Wing               Time % Phy DF OF 
 1 Jayson Megna             Teemu Hartikainen        Brock Boeser             60     1   2  2  
 2 Christoffer Ehn          Michael Ferland          Mitch Callahan           40     1   2  2  

PowerPlay Defense
   Defense                  Defense                                           Time % Phy DF OF 
 1 Jordan Oesterle          Noah Hanifin                                      60     1   2  2  
 2 Brendan Guhle            Jeremy Lauzon                                     40     1   2  2  

Penalty Kill 4 Players Forward 
   Center                   Wing                     Time % Phy DF OF 
 1 Christoffer Ehn          Brock Boeser             60     1   2  2  
 2 Jayson Megna             Teemu Hartikainen        40     1   2  2  

Penalty Kill 4 Players Defense
   Defense                  Defense                  Time % Phy DF OF 
 1 Jordan Oesterle          Noah Hanifin             60     1   2  2  
 2 Brendan Guhle            Jeremy Lauzon            40     1   2  2  

Penalty Kill - 3 Players Forward 
   Forward                                           Time % Phy DF OF 
 1 Christoffer Ehn                                   60     1   2  2  
 2 Jayson Megna                                      40     1   2  2  

Penalty Kill - 3 Players Defense
   Defense                  Defense                  Time % Phy DF OF 
 1 Jordan Oesterle          Noah Hanifin             60     1   2  2  
 2 Brendan Guhle            Jeremy Lauzon            40     1   2  2  

4 vs 4 Forward 
   Center                   Wing                     Time % Phy DF OF 
 1 Teemu Hartikainen        Brock Boeser             60     1   2  2  
 2 Christoffer Ehn          Anthony Cirelli          40     1   2  2  

4 vs 4 Defense
   Defense                  Defense                  Time % Phy DF OF 
 1 Jordan Oesterle          Noah Hanifin             60     1   2  2  
 2 Brendan Guhle            Jeremy Lauzon            40     1   2  2  

Last Minutes Offensive
   Center                   Left Wing                Right Wing               Defense                  Defense                  
   Jayson Megna             Teemu Hartikainen        Brock Boeser             Jordan Oesterle          Noah Hanifin             

Last Minutes Defensive
   Center                   Left Wing                Right Wing               Defense                  Defense                  
   Jayson Megna             Teemu Hartikainen        Brock Boeser             Jordan Oesterle          Noah Hanifin             

Goaltenders
Starting : Josef Korenar            
Backup : Kaapo Kahkonen           

Extra Forwards
Normal : Jared Staal, Dalton Smith, Dylan Strome - PP : Jared Staal, Dalton Smith - PK : Dylan Strome
Extra Defensemen
Normal : Jeremy Lauzon, Brendan Guhle, Jacob Larsson - PP : Jacob Larsson - PK : Brendan Guhle, Jacob Larsson
Penalty Shots
Teemu Hartikainen, Jayson Megna, Brock Boeser, Christoffer Ehn, Michael Ferland

Scratches
Charles-Olivier Roussel (Healthy), Kyle Capobianco (Healthy), Max McCormick (Healthy), Michael Downing (Healthy), Sean Walker (Healthy)

% Time on Ice - Sound Tigers

Lines # - Real PCT - Wanted PCT - Time Play
Normal Forward
1 - 36% - 40% - 15:42
2 - 27% - 30% - 11:52
3 - 24% - 20% - 10:30
4 - 13% - 10% - 5:55
Normal Defense
1 - 34% - 40% - 15:06
2 - 36% - 30% - 15:40
3 - 29% - 20% - 12:35
4 - 1% - 10% - 0:38
PP Forward
1 - 100% - 60% - 0:08
2 - 0% - 40% - 0:00
PP Defense
1 - 100% - 60% - 0:08
2 - 0% - 40% - 0:00
PK Forward
1 - 68% - 60% - 10:49
2 - 32% - 40% - 5:04
PK Defense
1 - 59% - 60% - 9:26
2 - 41% - 40% - 6:27
PK3 Forward
1 - 0% - 60%
2 - 0% - 40%
PK3 Defense
1 - 0% - 60%
2 - 0% - 40%
44 Forward
1 - 0% - 60%
2 - 0% - 40%
44 Defense
1 - 0% - 60%
2 - 0% - 40%
Last Minute Offensive  - 0:00
Last Minute Defensive  - 0:00
Total
Forward - 60:00
Defense - 60:00

% Time on Ice - Crunch

Lines # - Real PCT - Wanted PCT - Time Play
Normal Forward
1 - 29% - 40% - 12:45
2 - 29% - 30% - 12:40
3 - 19% - 20% - 8:22
4 - 23% - 10% - 10:12
Normal Defense
1 - 39% - 40% - 17:04
2 - 34% - 30% - 14:57
3 - 26% - 20% - 11:31
4 - 1% - 10% - 0:27
PP Forward
1 - 59% - 60% - 9:20
2 - 41% - 40% - 6:33
PP Defense
1 - 61% - 60% - 9:44
2 - 39% - 40% - 6:09
PK Forward
1 - 100% - 60% - 0:08
2 - 0% - 40% - 0:00
PK Defense
1 - 100% - 60% - 0:08
2 - 0% - 40% - 0:00
PK3 Forward
1 - 0% - 60%
2 - 0% - 40%
PK3 Defense
1 - 0% - 60%
2 - 0% - 40%
44 Forward
1 - 0% - 60%
2 - 0% - 40%
44 Defense
1 - 0% - 60%
2 - 0% - 40%
Last Minute Offensive  - 0:00
Last Minute Defensive  - 0:00
Total
Forward - 60:00
Defense - 60:00

Play-by-Play

1st period


0:01 of 1st period - Ryan Hartman wins face-off versus Christoffer Ehn in neutral zone.
0:53 of 1st period - Wrist shot by Jayson Megna.
0:53 of 1st period - Shot Blocked by Julian Melchiori.
1:19 of 1st period - Wrist shot by Ryan Bourque.
1:19 of 1st period - Stopped by Josef Korenar without a rebound.
1:20 of 1st period - Christoffer Ehn wins face-off versus Borna Rendulic in Crunch zone.
1:58 of 1st period - Wrist shot by Dylan Strome.
1:58 of 1st period - Stopped by Pavel Francouz with a rebound.
2:00 of 1st period - Slapshot by Dylan Strome.
2:00 of 1st period - Stopped by Pavel Francouz without a rebound.
2:01 of 1st period - Jayson Megna wins face-off versus Pavel Kraskovsky in Sound Tigers zone.
2:12 of 1st period - Wrist shot by Dalton Smith.
2:12 of 1st period - Stopped by Pavel Francouz with a rebound.
2:26 of 1st period - Ryan Hartman is hit by Noah Hanifin and loses puck.
3:29 of 1st period - Julian Melchiori is hit by Jayson Megna and loses puck.
3:58 of 1st period - Wrist shot by Dylan Strome.
3:58 of 1st period - Shot Misses the Net.
4:05 of 1st period - Icing by Ryan Hartman.
4:06 of 1st period - Christoffer Ehn wins face-off versus Ryan Hartman in Sound Tigers zone.
4:17 of 1st period - Wrist shot by Ryan Hartman.
4:17 of 1st period - Stopped by Josef Korenar with a rebound.
4:21 of 1st period - Snap shot by Alex Tuch.
4:21 of 1st period - Shot Misses the Net.
4:40 of 1st period - Minor Penalty to Alexander Yelesin for Hooking.
4:41 of 1st period - Ryan Hartman wins face-off versus Jayson Megna in Sound Tigers zone.
5:07 of 1st period - Michael Ferland is hit by James Sheppard and loses puck.
6:40 of 1st period - Penalty to Alexander Yelesin is over, Alexander Yelesin is back on ice.
7:05 of 1st period - Off-side.
7:06 of 1st period - Anatoli Golyshev wins face-off versus Ryan Bourque in neutral zone.
7:29 of 1st period - Dylan McIlrath is hit by Dylan Strome and loses puck.
7:55 of 1st period - Brock Boeser is hit by Pavel Kraskovsky and loses puck.
8:27 of 1st period - Minor Penalty to Dalton Smith for Hooking.
8:28 of 1st period - Ryan Hartman wins face-off versus Christoffer Ehn in Crunch zone.
8:31 of 1st period - Snap shot by Alex Tuch.
8:31 of 1st period - Stopped by Josef Korenar without a rebound.
8:32 of 1st period - Ryan Hartman wins face-off versus Christoffer Ehn in Crunch zone.
8:35 of 1st period - Wrist shot by Alex Tuch.
8:35 of 1st period - Goal by Alex Tuch - Sound Tigers : 1 - Crunch : 0.
8:36 of 1st period - Joe Labate wins face-off versus Christoffer Ehn in neutral zone.
9:01 of 1st period - Alex Tuch is hit by Dylan Strome and loses puck.
9:08 of 1st period - Dylan Strome is hit by Julian Melchiori and loses puck.
9:41 of 1st period - Brendan Guhle is hit by Garret Ross and loses puck.
9:48 of 1st period - Snap shot by Dalton Smith.
9:48 of 1st period - Shot Misses the Net.
9:50 of 1st period - Slapshot by Jayson Megna.
9:50 of 1st period - Stopped by Pavel Francouz with a rebound.
10:02 of 1st period - Slapshot by Jayson Megna.
10:02 of 1st period - Goal by Jayson Megna - Sound Tigers : 1 - Crunch : 1.
10:03 of 1st period - Christoffer Ehn wins face-off versus Joe Labate in neutral zone.
10:38 of 1st period - Snap shot by Michael Ferland.
10:38 of 1st period - Shot Blocked by Ryan Hartman.
10:40 of 1st period - Snap shot by Michael Ferland.
10:40 of 1st period - Stopped by Pavel Francouz with a rebound.
11:16 of 1st period - Backhand shot by Jared Staal.
11:16 of 1st period - Shot Misses the Net.
11:24 of 1st period - Jeremy Lauzon is hit by Garret Ross and loses puck.
11:45 of 1st period - Snap shot by Brock Boeser.
11:45 of 1st period - Shot Misses the Net.
11:48 of 1st period - Icing by Joe Labate.
11:49 of 1st period - Michael Ferland wins face-off versus Joe Labate in Sound Tigers zone.
11:54 of 1st period - Slapshot by Noah Hanifin.
11:54 of 1st period - Deflect By James Sheppard.
11:54 of 1st period - Stopped by Pavel Francouz without a rebound.
11:55 of 1st period - Dylan Strome wins face-off versus Ryan Hartman in Sound Tigers zone.
11:58 of 1st period - Snap shot by Dylan Strome.
11:58 of 1st period - Stopped by Pavel Francouz with a rebound.
12:00 of 1st period - Snap shot by Noah Hanifin.
12:00 of 1st period - Stopped by Pavel Francouz with a rebound.
12:02 of 1st period - Snap shot by Michael Ferland.
12:02 of 1st period - Stopped by Pavel Francouz with a rebound.
12:04 of 1st period - Slapshot by Jordan Oesterle.
12:04 of 1st period - Stopped by Pavel Francouz with a rebound.
12:06 of 1st period - Snap shot by Anthony Cirelli.
12:06 of 1st period - Stopped by Pavel Francouz with a rebound.
12:08 of 1st period - Slapshot by Jordan Oesterle.
12:08 of 1st period - Deflect By Dylan Strome.
12:08 of 1st period - Stopped by Pavel Francouz with a rebound.
12:10 of 1st period - Slapshot by Jordan Oesterle.
12:10 of 1st period - Stopped by Pavel Francouz with a rebound.
12:20 of 1st period - Brock Boeser is hit by James Sheppard.
12:47 of 1st period - Jayson Megna is hit by Garret Ross and loses puck.
13:23 of 1st period - Off-side.
13:24 of 1st period - Ryan Hartman wins face-off versus Christoffer Ehn in neutral zone.
14:29 of 1st period - Dylan McIlrath is hit by Anatoli Golyshev and loses puck.
14:38 of 1st period - Mitch Callahan is hit by Alexander Yelesin and loses puck.
14:59 of 1st period - Snap shot by Ryan Hartman.
14:59 of 1st period - Goal by Ryan Hartman - Sound Tigers : 2 - Crunch : 1.
15:00 of 1st period - Ryan Hartman wins face-off versus Christoffer Ehn in neutral zone.
15:33 of 1st period - Snap shot by Joe Labate.
15:33 of 1st period - Deflect By Christian Fischer.
15:33 of 1st period - Shot Misses the Net.
15:33 of 1st period - Puck is out of play.
15:34 of 1st period - Dylan Strome wins face-off versus Joe Labate in Crunch zone.
15:44 of 1st period - Minor Penalty to James Sheppard for Cross-checking.
15:45 of 1st period - Brock Boeser wins face-off versus Ryan Hartman in Sound Tigers zone.
15:51 of 1st period - Wrist shot by Brock Boeser.
15:51 of 1st period - Shot Blocked by Ryan Hartman.
15:53 of 1st period - Snap shot by Jayson Megna.
15:53 of 1st period - Shot Blocked by Alex Tuch.
15:57 of 1st period - Backhand shot by Jayson Megna.
15:57 of 1st period - Shot Misses the Net.
15:59 of 1st period - Slapshot by Noah Hanifin.
15:59 of 1st period - Shot Blocked by Connor Murphy.
17:44 of 1st period - Penalty to James Sheppard is over, James Sheppard is back on ice.
18:01 of 1st period - Mitch Callahan is hit by Alexander Yelesin.
18:31 of 1st period - Brendan Guhle is hit by Pavel Kraskovsky and loses puck.
19:12 of 1st period - Snap shot by Joe Labate.
19:12 of 1st period - Shot Blocked by Jacob Larsson.
19:18 of 1st period - Gabriel Carlsson is hit by Jared Staal.
19:27 of 1st period - Dylan McIlrath is hit by Matt Roy and loses puck.
19:38 of 1st period - Slapshot by Anatoli Golyshev.
19:38 of 1st period - Shot Hit the Post.
Goals for this period are 2 for Sound Tigers vs 1 for Crunch.
Shots for this period are 5 for Sound Tigers vs 14 for Crunch.

2nd period


0:01 of 2nd period - Ryan Hartman wins face-off versus Christoffer Ehn in neutral zone.
0:25 of 2nd period - Snap shot by Dalton Smith.
0:25 of 2nd period - Goal by Dalton Smith - Sound Tigers : 2 - Crunch : 2.
0:26 of 2nd period - Ryan Hartman wins face-off versus Christoffer Ehn in neutral zone.
1:39 of 2nd period - Icing by Borna Rendulic.
1:40 of 2nd period - Brock Boeser wins face-off versus Ryan Hartman in Sound Tigers zone.
1:50 of 2nd period - Off-side.
1:51 of 2nd period - Christoffer Ehn wins face-off versus Ryan Hartman in neutral zone.
2:00 of 2nd period - Wrist shot by Teemu Hartikainen.
2:00 of 2nd period - Stopped by Pavel Francouz without a rebound.
2:01 of 2nd period - Borna Rendulic wins face-off versus Christoffer Ehn in Sound Tigers zone.
2:01 of 2nd period - Borna Rendulic is hit by Christoffer Ehn.
2:06 of 2nd period - Minor Penalty to Connor Murphy for Holding.
2:07 of 2nd period - Jayson Megna wins face-off versus Ryan Hartman in Sound Tigers zone.
2:22 of 2nd period - Slapshot by Noah Hanifin.
2:22 of 2nd period - Stopped by Pavel Francouz without a rebound.
2:23 of 2nd period - Ryan Hartman wins face-off versus Jayson Megna in Sound Tigers zone.
2:53 of 2nd period - Alex Tuch is hit by Christoffer Ehn.
3:37 of 2nd period - Jayson Megna is hit by Ben Thomson and loses puck.
3:54 of 2nd period - Ben Thomson is hit by Mitch Callahan and loses puck.
4:06 of 2nd period - Penalty to Connor Murphy is over, Connor Murphy is back on ice.
4:11 of 2nd period - Snap shot by Jeremy Lauzon.
4:11 of 2nd period - Shot Misses the Net.
4:13 of 2nd period - Slapshot by Jeremy Lauzon.
4:13 of 2nd period - Shot Blocked by Joe Labate.
4:15 of 2nd period - Snap shot by Jared Staal.
4:15 of 2nd period - Stopped by Pavel Francouz with a rebound.
4:23 of 2nd period - Wrist shot by Dylan Strome.
4:23 of 2nd period - Stopped by Pavel Francouz without a rebound.
4:24 of 2nd period - Joe Labate wins face-off versus Dylan Strome in Sound Tigers zone.
4:52 of 2nd period - Snap shot by Jayson Megna.
4:52 of 2nd period - Shot Blocked by James Livingstone.
4:58 of 2nd period - Minor Penalty to Ryan Bourque for Tripping.
4:59 of 2nd period - Ryan Hartman wins face-off versus Jayson Megna in Sound Tigers zone.
5:05 of 2nd period - Icing by Noah Hanifin.
5:06 of 2nd period - Ryan Hartman wins face-off versus Jayson Megna in Crunch zone.
5:07 of 2nd period - Slapshot by Connor Murphy.
5:07 of 2nd period - Deflect By Ryan Hartman.
5:07 of 2nd period - Shot Blocked by Noah Hanifin.
5:07 of 2nd period - Puck is out of play.
5:08 of 2nd period - Ryan Hartman wins face-off versus Jayson Megna in Crunch zone.
5:09 of 2nd period - Wrist shot by Alex Tuch.
5:09 of 2nd period - Stopped by Josef Korenar with a rebound.
6:11 of 2nd period - Snap shot by Jayson Megna.
6:11 of 2nd period - Shot Misses the Net.
6:23 of 2nd period - Wrist shot by Teemu Hartikainen.
6:23 of 2nd period - Stopped by Pavel Francouz with a rebound.
6:25 of 2nd period - Slapshot by Jordan Oesterle.
6:25 of 2nd period - Shot Blocked by James Sheppard.
6:43 of 2nd period - Slapshot by Noah Hanifin.
6:43 of 2nd period - Shot Blocked by Connor Murphy.
6:58 of 2nd period - Penalty to Ryan Bourque is over, Ryan Bourque is back on ice.
7:11 of 2nd period - Snap shot by Alex Tuch.
7:11 of 2nd period - Shot Blocked by Noah Hanifin.
7:21 of 2nd period - Wrist shot by Teemu Hartikainen.
7:21 of 2nd period - Stopped by Pavel Francouz without a rebound.
7:22 of 2nd period - Dylan Strome wins face-off versus Joe Labate in Sound Tigers zone.
7:23 of 2nd period - Slapshot by Michael Ferland.
7:23 of 2nd period - Stopped by Pavel Francouz without a rebound.
7:24 of 2nd period - Dylan Strome wins face-off versus Joe Labate in Sound Tigers zone.
8:08 of 2nd period - Jacob Larsson is hit by Gabriel Carlsson and loses puck.
8:22 of 2nd period - Icing by Matt Roy.
8:23 of 2nd period - Alex Tuch wins face-off versus Anatoli Golyshev in Crunch zone.
8:24 of 2nd period - Wrist shot by Ryan Hartman.
8:24 of 2nd period - Stopped by Josef Korenar without a rebound.
8:25 of 2nd period - Anatoli Golyshev wins face-off versus Ryan Hartman in Crunch zone.
8:36 of 2nd period - Wrist shot by Anatoli Golyshev.
8:36 of 2nd period - Stopped by Pavel Francouz without a rebound.
8:37 of 2nd period - Ryan Hartman wins face-off versus Dylan Strome in Sound Tigers zone.
8:58 of 2nd period - Double Minor Penalty to Borna Rendulic for High sticking.
8:59 of 2nd period - Christoffer Ehn wins face-off versus Ryan Hartman in Sound Tigers zone.
9:00 of 2nd period - Snap shot by Michael Ferland.
9:00 of 2nd period - Stopped by Pavel Francouz with a rebound.
9:35 of 2nd period - Wrist shot by Garret Ross.
9:35 of 2nd period - Stopped by Josef Korenar with a rebound.
9:37 of 2nd period - Slapshot by Connor Murphy.
9:37 of 2nd period - Stopped by Josef Korenar with a rebound.
10:01 of 2nd period - Snap shot by Garret Ross.
10:01 of 2nd period - Stopped by Josef Korenar with a rebound.
10:19 of 2nd period - Noah Hanifin is hit by James Sheppard and loses puck.
11:29 of 2nd period - Connor Murphy is hit by Anthony Cirelli and loses puck.
12:03 of 2nd period - Joe Labate is hit by Brendan Guhle and loses puck.
12:58 of 2nd period - Penalty to Borna Rendulic is over, Borna Rendulic is back on ice.
13:01 of 2nd period - Icing by Matt Roy.
13:02 of 2nd period - Jayson Megna wins face-off versus Ryan Bourque in Crunch zone.
13:10 of 2nd period - Icing by Connor Murphy.
13:11 of 2nd period - Ryan Bourque wins face-off versus Connor Bunnaman in Sound Tigers zone.
13:11 of 2nd period - Ryan Bourque is hit by Mitch Callahan.
13:23 of 2nd period - Snap shot by Joe Labate.
13:23 of 2nd period - Stopped by Josef Korenar with a rebound.
13:25 of 2nd period - Snap shot by James Sheppard.
13:25 of 2nd period - Deflect By Jordan Oesterle.
13:25 of 2nd period - Stopped by Josef Korenar with a rebound.
13:27 of 2nd period - Slapshot by James Sheppard.
13:27 of 2nd period - Stopped by Josef Korenar with a rebound.
14:00 of 2nd period - Wrist shot by Ryan Hartman.
14:00 of 2nd period - Shot Blocked by Jeremy Lauzon.
14:34 of 2nd period - Snap shot by Borna Rendulic.
14:34 of 2nd period - Stopped by Josef Korenar with a rebound.
14:39 of 2nd period - Jeremy Lauzon is hit by Ryan Hartman and loses puck.
14:44 of 2nd period - Wrist shot by Mitch Callahan.
14:44 of 2nd period - Stopped by Pavel Francouz without a rebound.
14:45 of 2nd period - Joe Labate wins face-off versus Christoffer Ehn in Sound Tigers zone.
14:47 of 2nd period - Minor Penalty to James Sheppard for Hooking.
14:48 of 2nd period - Jayson Megna wins face-off versus Ben Thomson in Sound Tigers zone.
15:14 of 2nd period - Ryan Hartman is hit by Noah Hanifin and loses puck.
15:21 of 2nd period - Wrist shot by Christoffer Ehn.
15:21 of 2nd period - Stopped by Pavel Francouz with a rebound.
15:23 of 2nd period - Slapshot by Jared Staal.
15:23 of 2nd period - Deflect By Michael Ferland.
15:23 of 2nd period - Shot Blocked by Ryan Hartman.
15:23 of 2nd period - Puck is out of play.
15:24 of 2nd period - Ben Thomson wins face-off versus Jayson Megna in Sound Tigers zone.
15:37 of 2nd period - Julian Melchiori is hit by Jayson Megna and loses puck.
15:48 of 2nd period - Snap shot by Christoffer Ehn.
15:48 of 2nd period - Shot Misses the Net.
16:47 of 2nd period - Penalty to James Sheppard is over, James Sheppard is back on ice.
17:10 of 2nd period - Snap shot by James Sheppard.
17:10 of 2nd period - Deflect By Pavel Kraskovsky.
17:10 of 2nd period - Stopped by Josef Korenar without a rebound.
17:11 of 2nd period - Pavel Kraskovsky wins face-off versus Connor Bunnaman in Crunch zone.
17:24 of 2nd period - Wrist shot by Ben Thomson.
17:24 of 2nd period - Stopped by Josef Korenar with a rebound.
17:38 of 2nd period - James Sheppard is hit by Jordan Oesterle.
18:46 of 2nd period - Snap shot by Mitch Callahan.
18:46 of 2nd period - Stopped by Pavel Francouz without a rebound.
18:47 of 2nd period - Joe Labate wins face-off versus Christoffer Ehn in Sound Tigers zone.
18:47 of 2nd period - Joe Labate is hit by Brock Boeser.
19:01 of 2nd period - Slapshot by Joe Labate.
19:01 of 2nd period - Goal by Joe Labate - Sound Tigers : 3 - Crunch : 2.
19:02 of 2nd period - Christoffer Ehn wins face-off versus Ryan Hartman in neutral zone.
19:05 of 2nd period - Snap shot by Brock Boeser.
19:05 of 2nd period - Shot Misses the Net.
19:07 of 2nd period - Snap shot by Christoffer Ehn.
19:07 of 2nd period - Stopped by Pavel Francouz without a rebound.
19:08 of 2nd period - Christoffer Ehn wins face-off versus Ryan Hartman in Sound Tigers zone.
19:13 of 2nd period - Wrist shot by Christoffer Ehn.
19:13 of 2nd period - Stopped by Pavel Francouz without a rebound.
19:14 of 2nd period - Christoffer Ehn wins face-off versus Ryan Hartman in Sound Tigers zone.
19:23 of 2nd period - Slapshot by Connor Murphy.
19:23 of 2nd period - Goal by Connor Murphy - Sound Tigers : 4 - Crunch : 2.
19:23 of 2nd period - Kaapo Kahkonen enters game.
19:24 of 2nd period - Christoffer Ehn wins face-off versus Ryan Hartman in neutral zone.
19:27 of 2nd period - Wrist shot by Jordan Oesterle.
19:27 of 2nd period - Stopped by Pavel Francouz with a rebound.
19:39 of 2nd period - Wrist shot by Brock Boeser.
19:39 of 2nd period - Stopped by Pavel Francouz with a rebound.
Goals for this period are 2 for Sound Tigers vs 1 for Crunch.
Shots for this period are 13 for Sound Tigers vs 17 for Crunch.

3rd period


0:01 of 3rd period - Christoffer Ehn wins face-off versus Ryan Hartman in neutral zone.
0:28 of 3rd period - Anthony Cirelli is hit by James Sheppard and loses puck.
0:58 of 3rd period - Slapshot by Jayson Megna.
0:58 of 3rd period - Stopped by Pavel Francouz without a rebound.
0:59 of 3rd period - Ryan Hartman wins face-off versus Christoffer Ehn in Sound Tigers zone.
1:26 of 3rd period - Slater Koekkoek is hit by Jayson Megna and loses puck.
2:01 of 3rd period - Snap shot by Alex Tuch.
2:01 of 3rd period - Shot Blocked by Dylan Strome.
2:03 of 3rd period - Slapshot by Julian Melchiori.
2:03 of 3rd period - Shot Misses the Net.
2:05 of 3rd period - Slapshot by Borna Rendulic.
2:05 of 3rd period - Shot Misses the Net.
2:17 of 3rd period - Snap shot by Michael Ferland.
2:17 of 3rd period - Shot Blocked by Alex Tuch.
2:19 of 3rd period - Slapshot by Anthony Cirelli.
2:19 of 3rd period - Stopped by Pavel Francouz with a rebound.
2:54 of 3rd period - Wrist shot by Dylan Strome.
2:54 of 3rd period - Shot Misses the Net.
3:34 of 3rd period - Snap shot by Dylan Strome.
3:34 of 3rd period - Stopped by Pavel Francouz with a rebound.
3:36 of 3rd period - Slapshot by Matt Roy.
3:36 of 3rd period - Deflect By Michael Ferland.
3:36 of 3rd period - Goal by Michael Ferland - Sound Tigers : 4 - Crunch : 3.
3:37 of 3rd period - Christoffer Ehn wins face-off versus Joe Labate in neutral zone.
3:46 of 3rd period - Teemu Hartikainen is hit by Connor Murphy and loses puck.
3:51 of 3rd period - Wrist shot by James Sheppard.
3:51 of 3rd period - Shot Blocked by Teemu Hartikainen.
3:53 of 3rd period - Slapshot by Connor Murphy.
3:53 of 3rd period - Shot Blocked by Brock Boeser.
4:05 of 3rd period - Slapshot by James Livingstone.
4:05 of 3rd period - Goal by James Livingstone - Sound Tigers : 5 - Crunch : 3.
4:06 of 3rd period - Christoffer Ehn wins face-off versus Joe Labate in neutral zone.
4:19 of 3rd period - Slapshot by Christoffer Ehn.
4:19 of 3rd period - Stopped by Pavel Francouz with a rebound.
4:21 of 3rd period - Wrist shot by Teemu Hartikainen.
4:21 of 3rd period - Shot Misses the Net.
5:38 of 3rd period - Michael Ferland is hit by Garret Ross and loses puck.
5:57 of 3rd period - Snap shot by Pavel Kraskovsky.
5:57 of 3rd period - Shot Misses the Net.
6:59 of 3rd period - Slater Koekkoek is hit by Jared Staal and loses puck.
7:40 of 3rd period - Borna Rendulic is hit by Mitch Callahan and loses puck.
7:45 of 3rd period - Snap shot by Anatoli Golyshev.
7:45 of 3rd period - Stopped by Pavel Francouz without a rebound.
7:46 of 3rd period - Joe Labate wins face-off versus Christoffer Ehn in Sound Tigers zone.
8:15 of 3rd period - Slapshot by Ryan Hartman.
8:15 of 3rd period - Shot Misses the Net.
8:17 of 3rd period - Snap shot by Dylan McIlrath.
8:17 of 3rd period - Shot Blocked by Brendan Guhle.
8:19 of 3rd period - Slapshot by Ryan Hartman.
8:19 of 3rd period - Goal by Ryan Hartman - Sound Tigers : 6 - Crunch : 3.
8:20 of 3rd period - Christoffer Ehn wins face-off versus Ryan Hartman in neutral zone.
8:29 of 3rd period - Snap shot by Teemu Hartikainen.
8:29 of 3rd period - Stopped by Pavel Francouz without a rebound.
8:30 of 3rd period - Ryan Hartman wins face-off versus Christoffer Ehn in Sound Tigers zone.
8:45 of 3rd period - Backhand shot by Noah Hanifin.
8:45 of 3rd period - Shot Misses the Net.
8:47 of 3rd period - Slapshot by Jordan Oesterle.
8:47 of 3rd period - Stopped by Pavel Francouz without a rebound.
8:48 of 3rd period - Joe Labate wins face-off versus Dylan Strome in Sound Tigers zone.
9:41 of 3rd period - Snap shot by Jayson Megna.
9:41 of 3rd period - Stopped by Pavel Francouz with a rebound.
9:55 of 3rd period - Snap shot by Anatoli Golyshev.
9:55 of 3rd period - Stopped by Pavel Francouz without a rebound.
9:56 of 3rd period - Pavel Kraskovsky wins face-off versus Connor Bunnaman in Sound Tigers zone.
10:23 of 3rd period - Wrist shot by Dylan Strome.
10:23 of 3rd period - Stopped by Pavel Francouz with a rebound.
10:44 of 3rd period - Borna Rendulic is hit by Christoffer Ehn and loses puck.
11:07 of 3rd period - Christian Fischer is hit by Jared Staal and loses puck.
11:30 of 3rd period - Slapshot by Dylan McIlrath.
11:30 of 3rd period - Stopped by Kaapo Kahkonen without a rebound.
11:31 of 3rd period - Ryan Bourque wins face-off versus Connor Bunnaman in Crunch zone.
11:34 of 3rd period - Wrist shot by Garret Ross.
11:34 of 3rd period - Stopped by Kaapo Kahkonen with a rebound.
13:17 of 3rd period - Slapshot by Anatoli Golyshev.
13:17 of 3rd period - Shot Misses the Net.
13:19 of 3rd period - Slapshot by Brendan Guhle.
13:19 of 3rd period - Shot Misses the Net.
13:27 of 3rd period - Slapshot by Anatoli Golyshev.
13:27 of 3rd period - Stopped by Pavel Francouz without a rebound.
13:28 of 3rd period - Christoffer Ehn wins face-off versus Ryan Hartman in Sound Tigers zone.
14:01 of 3rd period - Snap shot by Pavel Kraskovsky.
14:01 of 3rd period - Stopped by Kaapo Kahkonen without a rebound.
14:02 of 3rd period - Dylan Strome wins face-off versus Pavel Kraskovsky in Crunch zone.
14:56 of 3rd period - Snap shot by Joe Labate.
14:56 of 3rd period - Shot Misses the Net.
14:58 of 3rd period - Snap shot by Joe Labate.
14:58 of 3rd period - Shot Misses the Net.
15:47 of 3rd period - Minor Penalty to Julian Melchiori for High sticking.
15:48 of 3rd period - Ryan Hartman wins face-off versus Jayson Megna in Sound Tigers zone.
16:14 of 3rd period - Christoffer Ehn is hit by Connor Murphy and loses puck.
16:21 of 3rd period - Slapshot by James Sheppard.
16:21 of 3rd period - Deflect By Garret Ross.
16:21 of 3rd period - Stopped by Kaapo Kahkonen with a rebound.
17:19 of 3rd period - Mitch Callahan is hit by Ben Thomson and loses puck.
17:47 of 3rd period - Penalty to Julian Melchiori is over, Julian Melchiori is back on ice.
18:18 of 3rd period - Wrist shot by Ryan Bourque.
18:18 of 3rd period - Stopped by Kaapo Kahkonen without a rebound.
18:19 of 3rd period - Jayson Megna wins face-off versus Ryan Bourque in Crunch zone.
18:38 of 3rd period - Snap shot by Ryan Hartman.
18:38 of 3rd period - Shot Blocked by Jordan Oesterle.
18:52 of 3rd period - James Sheppard is hit by Teemu Hartikainen and loses puck.
Goals for this period are 2 for Sound Tigers vs 1 for Crunch.
Shots for this period are 7 for Sound Tigers vs 12 for Crunch.